 Dungeon Crawl Stone Soup version 0.28.0-53-g5a82cb258f (webtiles) character file.

Game seed: 12134929332354690070

109 Peloso the Covered (level 4, -4/40 HPs)
             Began as a Minotaur Fighter on Sept 3, 2022.
             Slain by a gnoll
             ... wielding a +0 flail
              (8 damage)
             ... on level 3 of the Dungeon.
             The game lasted 00:03:45 (1560 turns).

Peloso the Covered (Minotaur Fighter)               Turns: 1560, Time: 00:03:46

Health: -4/40      AC:  7    Str: 21    XL:     4   Next: 59%
Magic:  3/3        EV:  9    Int:  5    God:
Gold:   87         SH:  4    Dex: 11    Spells: 3/3 levels left

rFire   + . .      SeeInvis .   a - +0 long sword
rCold   + . .      Faith    .   c - +0 buckler
rNeg    . . .      Spirit   .   b - +0 scale mail
rPois   +          Reflect  .   (helmet restricted)
rElec   .          Harm     .   f - scarf {rC+ rF+}
rCorr   .          Rampage  .   (no gloves)
Will    .....                   (no boots)
Stlth   ..........              (no amulet)
HPRegen 0.13/turn               k - ring of poison resistance
MPRegen 0.08/turn               (no ring)

@: no status effects
A: horns 2, retaliatory headbutt
a: no special abilities


You were on level 3 of the Dungeon.
You visited 1 branch of the dungeon, and saw 3 of its levels.

You collected 87 gold pieces.

Inventory:

Hand Weapons
 a - a +0 long sword (weapon)
Armour
 b - a +0 scale mail (worn)
 c - a +0 buckler (worn)
 f - a scarf of resistance (worn)
Jewellery
 h - a ring of ice
 k - a ring of poison resistance (left hand)
Scrolls
 e - a scroll of blinking {unknown}
 l - a scroll of fear {unknown}
 n - a scroll of teleportation {unknown}
 p - a scroll of identify {unknown}
Potions
 d - 2 potions of might
 g - a potion of magic {unknown}
 i - a potion of curing {unknown}
 j - 2 potions of haste {unknown}
 m - a potion of heal wounds
 o - a potion of attraction {unknown}


   Skills:
 + Level 4.1 Fighting
 + Level 4.1 Long Blades
 + Level 4.7 Armour
 + Level 0.7 Dodging
 + Level 0.1 Stealth
 + Level 4.0 Shields


You had 3 spell levels left.
You didn't know any spells.
Your spell library contained the following spells:

 Spells                   Type           Power      Damage    Failure   Level
 Sandblast                Erth           0%         2d4       88%         1
 Passwall                 Tmut/Erth      0%         N/A       95%         2
 Stone Arrow              Conj/Erth      0%         3d7       99%         3


Dungeon Overview and Level Annotations

Branches:
Dungeon (3/15)

Altars:


Innate Abilities, Weirdness & Mutations

You have a pair of horns on your head.
You reflexively headbutt those who attack you in melee.


Message History

You enter a dispersal trap!
The giant cockroach blinks!
The gnoll blinks! x2
The bat blinks!
The gnoll blinks! x2; The bat blinks!
The giant cockroach blinks!
You blink.
A frilled lizard comes into view.
The frilled lizard hisses angrily.
The bat misses you.
The frilled lizard moves out of view.
The giant cockroach bites you but does no damage.
The frilled lizard completely misses you.
You furiously retaliate!
You headbutt the frilled lizard!
You kill the frilled lizard!
You hit the giant cockroach.
The giant cockroach is almost dead.
The giant cockroach bites you but does no damage.
The giant cockroach barely misses you. You furiously retaliate!
You headbutt the giant cockroach!
You kill the giant cockroach!
The bat hits you but does no damage.
You see here a giant cockroach corpse.
You block the bat's attack. The bat hits you but does no damage. x2
The bat hits you but does no damage. The bat hits you.
The bat hits you but does no damage.
You slash the bat!
You kill the bat!
You hit the gnoll.
The gnoll is moderately wounded.
The gnoll hits you with a +0 flail!
You barely miss the gnoll. You headbutt the gnoll.
The gnoll is heavily wounded.
The gnoll hits you with a +0 flail.
* * * LOW HITPOINT WARNING * * *
The gnoll hits you from afar with a +0 spear.
* * * LOW HITPOINT WARNING * * *
The gnoll hits you with a +0 flail.
* * * LOW HITPOINT WARNING * * *
You barely miss the gnoll.
The gnoll is heavily wounded.
The gnoll hits you with a +0 flail!
You die...

###### #....# #....#
#....# #....# ##
#....#### ##.
#....gg.##### ##..
#....##.g@..# #...
#....######.## #...
#....######§.####
#...
#....†.#..§)..†.##
#...
######.#....§##..###
#...
#gg..g..###...##
##†. ##......#
###..###†..
#......###.....#....
#......##...........


You could see 3 gnolls.

Vanquished Creatures
  Jessica (D:3)
  A gnoll (D:3)
  2 adders (D:2)
  A worm (D:2)
  2 dart slugs (D:2)
  5 endoplasms
  A giant cockroach (D:3)
  2 goblins (D:3)
  5 hobgoblins
  3 jackals (D:2)
  3 quokkas (D:1)
  7 ball pythons
  5 bats
  5 frilled lizards
  A kobold (D:1)
  5 rats
49 creatures vanquished.

Notes
Turn   | Place    | Note
-------+----------+-------------------------------------------
     0 | D:1      | Peloso the Minotaur Fighter began the quest for the Orb.
     0 | D:1      | Reached XP level 1. HP: 19/19 MP: 0/0
   276 | D:1      | Reached XP level 2. HP: 21/27 MP: 1/1
   741 | D:1      | Found a faded altar of an unknown god.
   846 | D:2      | Reached XP level 3. HP: 23/33 MP: 2/2
  1286 | D:3      | Noticed Jessica
  1308 | D:3      | Killed Jessica
  1309 | D:3      | Reached XP level 4. HP: 29/40 MP: 3/3
  1560 | D:3      | Slain by a gnoll

Illustrated notes

Levels and vault maps discovered:
D:1:      giann_wishing_wells, layout_basic,
          shapermc_ecumenical_altar_mp_highgroup
D:2:      layout_rooms, minmay_misc_feat_doors
D:3:      layout_rooms, nicolae_overflow_ecumenical_swirl, trog_hazing_becter,
          jmf_multi_god_temple, uniq_jessica

Skill      XL: |  1  2  3  4 |
---------------+-------------+-----
Armour         | 4 |  4.7
Fighting       | 4 |  4.1
Long Blades    | 3 4 |  4.1
Shields        | 4 |  4.0
Dodging        | |  0.7
Stealth        | |  0.1

Action                   |  1- 3 |  4- 6 || total
-------------------------+-------+-------++-------
Melee: Long sword        |    98 |    20 ||   118
       Headbutt          |    15 |     2 ||    17
  Use: Potion            |     2 |       ||     2
       Scroll            |     1 |       ||     1
Armor: Scale mail        |    47 |    15 ||    62
Dodge: Dodged            |    52 |    15 ||    67
Block: Buckler           |    21 |     5 ||    26
